 Dungeon Crawl Stone Soup version 0.31-a0-691-g409c26aa35 (webtiles) character file.

Game seed: 8277127393807762714

58 cforsyth the Trooper (level 4, -19/35 HPs)
             Began as a Djinni Chaos Knight on Sept 6, 2023.
             Was a Plaything of Xom.
             Demolished by an ogre
             ... wielding a +0 giant club
              (27 damage)
             ... on level 3 of the Dungeon.
             The game lasted 00:01:53 (1809 turns).

cforsyth the Trooper (Djinni Chaos Knight)          Turns: 1809, Time: 00:01:53

Health: -19/35     AC:  6    Str: 11    XL:     4   Next: 20%
Gold:   132        EV: 12    Int: 15    God:    Xom [..*...] SH:  0 Dex: 13

rFire   + + .        a - +0 falchion (chaos)
rCold   x . .        (no shield)
rNeg    . . .        b - +2 leather armour
rPois   ∞            (no helmet)
rElec   .            k - +0 cloak
rCorr   .            (no gloves)
SInv    .            (boots unavailable)
Will    .....        (no amulet)
Stlth   +            (no ring)
HPRegen 0.25/turn    (no ring)
MPRegen 0.00/turn

%: infuse magic (-20 HP)
@: attractive, flying
A: sickness immunity, fire resistance 2, cold vulnerability 1, float, innate
caster, HP casting, extra vitality 1
a: Renounce Religion


You were on level 3 of the Dungeon.
You worshipped Xom.
You were a toy of Xom.
You visited 1 branch of the dungeon, and saw 3 of its levels.

You collected 132 gold pieces.

Inventory:

Hand Weapons
 a - a +0 falchion of chaos (weapon)
Armour
 b - a +2 leather armour (worn)
 k - a +0 cloak (worn)
Scrolls
 c - a scroll of butterflies
 d - a scroll of revelation {unknown}
 e - a scroll of teleportation {unknown}
 j - a scroll of noise {unknown}
 l - 2 scrolls of identify {unknown}
 m - 2 scrolls of enchant weapon {unknown}
 n - a scroll of fog {unknown}
Potions
 f - 2 potions of resistance {unknown}
 g - a potion of cancellation {unknown}
 h - 2 potions of might {unknown}
 i - a potion of heal wounds {unknown}


   Skills:
 + Level 3.5 Fighting
 - Level 3.1 Long Blades
 - Level 1.8 Armour
 - Level 2.8 Dodging
 + Level 0.2 Spellcasting
 + Level 0.2 Conjurations
 + Level 0.2 Hexes
   Level 0.0 Charms
 + Level 0.2 Summonings
 + Level 0.2 Necromancy
 + Level 0.2 Translocations
 + Level 0.2 Transmutations
 + Level 0.2 Fire Magic
 + Level 0.2 Ice Magic
 + Level 0.2 Air Magic
 + Level 0.2 Earth Magic
 + Level 0.2 Poison Magic


You knew the following spells:

 Your Spells              Type           Power      Damage    Failure   Level
a - Slow                  Hex            4%         N/A       30%         1
Your spell library was empty.

Dungeon Overview and Level Annotations

Branches:
Dungeon (3/15)

Altars:

Shops:
D:2 (


Innate Abilities, Weirdness & Mutations

You are immune to sickness and miasma.
You are immune to poison.
Your flesh is very heat resistant. (rF++)
You are vulnerable to cold. (rC-)
You float through the air rather than walking.
You learn spells naturally, not from books.
Your magical power is your life essence.
You have superior vitality. (+4 MHP)


Message History

Confirm with . or Enter, or press ? or * to list all spells.
Aiming: Slow (safe; 30% risk of failure)
Press: ? - help, Shift-Dir - straight line, f - ogre
Aim: an ogre, wielding a +0 giant club (chance to affect: 33%)
Okay, then.
Unknown command. "Go forth and destroy!"
You feel attractive to monsters. The ogre is attracted toward you.
The ogre attacks as it pursues you! The ogre barely misses you.
Casting: Slow (safe; 30% risk of failure)
Confirm with . or Enter, or press ? or * to list all spells.
Aiming: Slow (safe; 30% risk of failure)
Press: ? - help, Shift-Dir - straight line, f - ogre
Aim: an ogre, wielding a +0 giant club (chance to affect: 33%)
The ogre easily resists.
The ogre hits you with a +0 giant club!!
Ouch! That really hurt!
* * * LOW HITPOINT WARNING * * *
Casting: Slow (safe; 30% risk of failure)
Confirm with . or Enter, or press ? or * to list all spells.
Aiming: Slow (safe; 30% risk of failure)
Press: ? - help, Shift-Dir - straight line, f/p - ogre
Aim: an ogre, wielding a +0 giant club (chance to affect: 33%)
The ogre easily resists.
* * * LOW HITPOINT WARNING * * *
Casting: Slow (safe; 30% risk of failure)
Confirm with . or Enter, or press ? or * to list all spells.
Aiming: Slow (safe; 30% risk of failure)
Press: ? - help, Shift-Dir - straight line, f/p - ogre
Aim: an ogre, wielding a +0 giant club (chance to affect: 33%)
The ogre seems to slow down.
* * * LOW HITPOINT WARNING * * *
The ogre misses you. The ogre is attracted toward you.
The ogre is no longer moving slowly.
The ogre attacks as it pursues you!
The ogre hits you with a +0 giant club!!
Ouch! That really hurt!
You die...
Xom roars with laughter!

*,* *,.......,, , *
***#...O. , *
*#....## ###
##############.##.
#..
#.................
#.#
**#§################
#.# #.# ###%# #O#
....############@#
.[...............#
##################


You could see an ogre.

Vanquished Creatures
  An adder (D:2)
  A white imp (D:3)
  5 ball pythons
  2 bats (D:1)
  2 endoplasms
  6 giant cockroaches
  3 goblins (D:1)
  7 hobgoblins
  A jackal (D:1)
  3 frilled lizards (D:1)
  3 kobolds
  3 rats (D:1)
37 creatures vanquished.

Notes
Turn   | Place    | Note
-------+----------+-------------------------------------------
     0 | D:1      | cforsyth the Djinni Chaos Knight began the quest for the
                  | Orb.
     0 | D:1      | Reached XP level 1. HP: 20/20 MP: 0/0
   136 | D:1      | Reached XP level 2. HP: 21/25 MP: 0/0
   210 | D:1      | XOM: silly message
   396 | D:1      | Reached XP level 3. HP: 25/30 MP: 0/0
   396 | D:1      | Learned a level 1 spell: Slow
   428 | D:1      | XOM: silly message
   507 | D:1      | XOM: silly message
   952 | D:2      | You are sucked into a shaft and drop 1 floor!
  1234 | D:2      | Found Ryhih's Antique Weapon Boutique.
  1383 | D:2      | Reached XP level 4. HP: 35/35 MP: 0/0
  1541 | D:2      | XOM: silly message
  1774 | D:3      | Noticed an ogre
  1796 | D:3      | XOM: divination: magic mapping
  1801 | D:3      | XOM: potion effect (attraction)
  1809 | D:3      | Demolished by an ogre

Illustrated notes

Levels and vault maps discovered:
D:1:      dpeg_arrival_brainrot, layout_loops_ring
D:2:      layout_basic, serial_shops, shop, grunt_decor_arrowhead
D:3:      layout_loops_ring, mainiacjoe_overflow_divided_tiny,
          kennysheep_decorative_pillar

Skill      XL: |  1  2  3 |
---------------+----------+-----
Long Blades    | 3 |  3.1
Fighting       | |  3.5
Armour         | |  1.8
Dodging        | |  2.8
Spellcasting   | |  0.2
Conjurations   | |  0.2
Hexes          | |  0.2
Summonings     | |  0.2
Necromancy     | |  0.2
Translocations | |  0.2
Transmutations | |  0.2
Fire Magic     | |  0.2
Ice Magic      | |  0.2
Air Magic      | |  0.2
Earth Magic    | |  0.2
Poison Magic   | |  0.2

Action                     |  1- 3 |  4- 6 || total
---------------------------+-------+-------++-------
  Melee: Falchion          |   102 |     6 ||   108
   Cast: Slow              |     3 |     5 ||     8
 Armour: Leather armour    |    55 |     3 ||    58
  Dodge: Dodged            |    65 |     5 ||    70

Table legend: (Time is in decaauts)
 A = Elapsed time spent in this place.
 B = Non-inter-level travel time spent in this place.
 C = Inter-level travel time spent in this place.
 D = Time resting spent in this place.
 E = Time spent auto-exploring this place.
 F = Levels seen in this place.
 G = Mean time per level.
                   A        B        C        D        E       F      G
               +--------+--------+--------+--------+--------+-----+--------+
         Total |   1825 |   1776 |     49 |      0 |   1463 |   3 |  608.3 |
       Dungeon |   1825 |   1776 |     49 |      0 |   1463 |   3 |  608.3 |
               +--------+--------+--------+--------+--------+-----+--------+

Top non-repeatable levels by time:
     D:1: 959 daAuts
     D:2: 633 daAuts
     D:3: 232 daAuts
